Map: [TLMC19] Atlantis

Players

LiquidMaNa (MaNa)

  • Race: Protoss Protoss
  • League: Grandmaster
  • Spawn Location: 5:00

MaxPax - Winner!

  • Race: Protoss Protoss
  • League: Grandmaster
  • Spawn Location: 11:00

VOD

Have the link to the VOD?

Description

Time

  • Played on: Dec. 22, 2023, 6:26 a.m.
  • Length: 8:36
Show
View Real Time Build Order
Export as new Build Order

LiquidMaNa Protoss 

Build Orders:  

Get SALT Encoding   

  12  0:00  Probe  
  13  0:12  Probe  
  14  0:17  Pylon  
  14  0:24  Probe (Chrono Boost)  
  15  0:36  Probe (Chrono Boost)  
  15  0:37  Gateway  
  16  0:44  Probe (Chrono Boost)  
  16  0:46  Assimilator  
  17  0:51  Probe  
  18  0:57  Assimilator  
  18  1:03  Probe  
  19  1:13  Gateway  
  19  1:15  Probe  
  20  1:25  Cybernetics Core  
  20  1:27  Probe  
  21  1:34  Pylon  
  21  1:39  Probe  
  23  1:55  Gateway, Warp Gate (Chrono Boost)  
  22  2:02  Stalker  
  22  2:07  Stalker  
  26  2:12  Probe  
  27  2:32  Stalker  
  27  2:36  Pylon  
  29  2:37  Stalker  
  31  2:44  Pylon  
  31  2:57  Pylon  
  31  3:11  Stalker (Chrono Boost)  
  31  3:17  Probe  
  31  3:29  Stalker x2  
  35  3:37  Nexus  
  35  3:54  Probe  
  36  4:04  Stargate x2  
  36  4:06  Probe  
  36  4:07  Sentry  
  39  4:20  Pylon  
  39  4:35  Pylon  
  39  4:38  Adept, Probe  
  40  4:39  Adept  
  44  4:50  Probe  
  44  4:51  Phoenix (Chrono Boost)  
  47  4:59  Phoenix (Chrono Boost)  
  49  5:04  Probe  
  48  5:13  Phoenix (Chrono Boost), Probe  
  47  5:16  Probe  
  50  5:22  Shield Battery  
  50  5:24  Zealot  
  52  5:30  Phoenix (Chrono Boost)  
  54  5:42  Pylon  
  54  5:52  Probe  
  53  6:02  Phoenix (Chrono Boost)  
  53  6:03  Probe  
  53  6:04  Probe  
  53  6:09  Phoenix (Chrono Boost)  
  53  6:15  Probe  
  53  6:16  Probe  
  55  6:21  Robotics Facility  
  55  6:23  Assimilator  
  55  6:24  Assimilator  
  55  6:28  Probe x2  
  57  6:35  Phoenix  
  57  6:37  Pylon  
  59  6:40  Probe x2  
  59  6:44  Pylon  
  61  6:52  Probe  
  62  6:56  Probe  
  63  7:02  Phoenix x2  
  63  7:04  Probe  
  63  7:08  Probe  
  69  7:10  Immortal (Chrono Boost)  
  69  7:15  Pylon  
  73  7:16  Probe  
  74  7:25  Pylon  
  74  7:26  Probe  
  74  7:28  Probe  
  76  7:38  Nexus  
  76  7:41  Pylon  
  76  7:42  Probe  
  76  7:44  Observer (Chrono Boost), Probe  
  79  7:45  Sentry  
  79  7:50  Phoenix  
  83  7:55  Phoenix  
  83  8:00  Shield Battery  
  85  8:05  Probe x2  
  85  8:11  Stalker x2  
  77  8:17  Probe x2  
Show
View Real Time Build Order
Export as new Build Order

MaxPax Protoss - Winner!

Build Orders: 1 Gate Expand 

Get SALT Encoding   

  12  0:00  Probe  
  13  0:12  Probe  
  14  0:21  Pylon  
  14  0:24  Probe  
  15  0:39  Gateway, Probe (Chrono Boost)  
  16  0:48  Assimilator, Probe (Chrono Boost)  
  17  0:53  Probe  
  18  1:05  Probe  
  19  1:17  Probe  
  20  1:25  Nexus  
  20  1:35  Cybernetics Core  
  21  1:42  Zealot  
  22  1:48  Pylon  
  22  1:51  Probe  
  23  1:57  Assimilator  
  23  2:06  Probe  
  24  2:08  Stalker (Chrono Boost)  
  26  2:18  Probe  
  26  2:21  Robotics Facility  
  27  2:29  Stalker (Chrono Boost)  
  27  2:30  Probe  
  30  2:39  Shield Battery  
  30  2:42  Warp Gate  
  30  2:44  Probe  
  30  2:48  Probe  
  32  2:57  Stalker  
  34  3:01  Probe  
  35  3:16  Immortal (Chrono Boost)  
  39  3:23  Probe  
  39  3:24  Probe  
  39  3:26  Shield Battery  
  39  3:29  Sentry  
  41  3:36  Pylon  
  41  3:45  Immortal (Chrono Boost)  
  45  3:50  Shield Battery  
  45  3:58  Shield Battery  
  45  4:02  Gateway  
  45  4:14  Warp Prism (Chrono Boost)  
  47  4:20  Probe  
  48  4:30  Stalker  
  50  4:31  Probe  
  50  4:36  Probe, Pylon  
  52  4:49  Pylon  
  52  4:54  Immortal (Chrono Boost)  
  55  5:02  Probe  
  55  5:04  Probe  
  55  5:12  Stalker  
  55  5:13  Stalker  
  60  5:14  Probe  
  60  5:17  Pylon, Probe  
  61  5:27  Probe (Chrono Boost)  
  62  5:33  Observer  
  64  5:36  Twilight Council  
  64  5:39  Stalker x2  
  64  5:41  Probe (Chrono Boost)  
  64  5:42  Probe (Chrono Boost)  
  69  5:49  Probe (Chrono Boost)  
  71  5:50  Probe (Chrono Boost)  
  71  5:54  Probe (Chrono Boost)  
  71  5:57  Probe  
  65  6:04  Blink (Chrono Boost), Probe  
  61  6:09  Gateway  
  62  6:13  Stalker, Gateway  
  62  6:14  Stalker  
  62  6:17  Probe  
  67  6:22  Probe  
  67  6:24  Assimilator  
  68  6:26  Pylon  
  68  6:29  Probe  
  68  6:32  Pylon  
  69  6:34  Probe  
  69  6:38  Assimilator  
  69  6:39  Stalker  
  72  6:42  Probe  
  73  6:52  Dark Shrine  
  73  6:54  Probe  
  73  6:58  Probe  
  73  7:02  Stalker  
  73  7:06  Probe  
  76  7:09  Stalker  
  76  7:15  Pylon  
  79  7:17  Adept x2  
  79  7:20  Nexus  
  82  7:26  Stalker  
  83  7:36  Probe x2  
  85  7:39  Forge  
  85  7:50  Stalker x4  
  93  7:55  Probe  
  93  7:56  Probe  
  88  8:13  Probe  
  88  8:17  Stalker  
  88  8:18  Stalker x3  
Tags
 
Add a new tag
Caveats
  • Supply blocks, unpowered buildings, or Contaminate may cause inaccurate times.
  • Supply counts are checked every 10 seconds.